 Dungeon Crawl Stone Soup version 0.24-a0-123-ga2403f3 (webtiles) character file.

Game seed: 14474708690583169129

177 terrorsythe the Skirmisher (level 5, -2/42 HPs)
             Began as a Demonspawn Abyssal Knight on Feb 23, 2019.
             Was a Believer of Lugonu.
             Slain by a gnoll
             ... wielding a +0 spear
              (7 damage)
             ... on level 3 of the Dungeon.
             The game lasted 00:09:54 (4510 turns).

terrorsythe the Skirmisher (DsAK)                   Turns: 4510, Time: 00:09:54

Health: -2/42      AC:  8    Str: 13    XL:     5   Next: 30%
Magic:  7/7        EV:  9    Int: 13    God:    Lugonu [**....]
Gold:   169        SH:  0    Dex: 13    Spells: 4/4 levels left

rFire    . . .     SeeInvis .   a - +1 hand axe
rCold    . . .     Gourm    .   (no shield)
rNeg     . . .     Faith    .   p - +0 scale mail
rPois    .         Spirit   .   (no helmet)
rElec    .         Reflect  .   (no cloak)
rCorr    .         Harm     .   (no gloves)
MR       .....                  (no boots)
Stlth    +.........             (no amulet)
HPRegen  0.14/turn              (no ring)
MPRegen  0.10/turn              (no ring)

@: no status effects
A: slimy green scales 1, nightstalker 1, powered by pain 1
a: Depart the Abyss, Bend Space, Renounce Religion


You were on level 3 of the Dungeon.
You worshipped Lugonu.
Lugonu was pleased with you.
You were not hungry.

You visited 1 branch of the dungeon, and saw 3 of its levels.
You visited the Abyss 1 time.

You collected 169 gold pieces.

Inventory:

Hand Weapons
 a - a +1 hand axe (weapon)
 d - a +0 whip
Armour
 b - a +0 leather armour
 p - a +0 scale mail (worn)
Wands
 t - a wand of digging (4)
Scrolls
 e - 2 scrolls of fog {unknown}
 f - a scroll of fear {unknown}
 g - a scroll of identify {unknown}
 h - 2 scrolls of magic mapping
 i - 2 scrolls of teleportation
 j - a scroll of remove curse
Potions
 k - a potion of curing {unknown}
 l - a potion of lignification {unknown}
 m - a potion of flight {unknown}
 n - a potion of brilliance {unknown}
 o - a potion of mutation {unknown}
 q - a potion of haste
 r - a potion of heal wounds
Comestibles
 c - 5 rations
 s - a chunk of flesh


   Skills:
 + Level 3.8 Fighting
 + Level 2.7 Axes
 + Level 2.7 Armour
 + Level 2.1 Dodging
 + Level 3.8 Invocations


You had 4 spell levels left.
You didn't know any spells.
Your spell library was empty.

Dungeon Overview and Level Annotations

Branches:
Dungeon (3/15)

Altars:
Ashenzari
Ru


Innate Abilities, Weirdness & Mutations

You are partially covered in slimy green scales. (AC +2)
You are slightly more attuned to the shadows.
You sometimes gain a little power by taking damage.


Message History

The gnoll hits you with a +0 spear.
You completely miss the gnoll.
The gnoll is lightly wounded.
The gnoll closely misses you.
You closely miss the gnoll.
The gnoll is lightly wounded.
The gnoll hits you but does no damage.
You barely miss the gnoll.
The gnoll is lightly wounded.
The gnoll hits you but does no damage. The gnoll hits you with a +0 spear.
You barely miss the gnoll.
The gnoll is lightly wounded.
The gnoll hits you with a +0 spear.
* * * LOW HITPOINT WARNING * * *
You hit the gnoll.
The gnoll is severely wounded.
The gnoll hits you with a +0 spear!
* * * LOW HITPOINT WARNING * * *
The gnoll hits you from afar with a +0 spear!
You die...

.#.#.#.#..#.#.........##.# #.#
#
...###....#.#....####.##'###.#
.#...............# #.........#
....#.....###....#
#.........####
###..............#
#.............
##.....###'#####
#############. #..###.......#
#. #....'.......########## #.
##.###<......@)gg.....# #.
#.#.........###g...... ##
#...........# #.......
###.........# #>......
.>......... +.......
.............#.g.....
..............#.g.....
#.......


You could see 3 gnolls.

Vanquished Creatures
  A gnoll (D:3)
  7 adders
  3 oozes
  3 worms
  3 dart slugs
  5 leopard geckos
  An orc (D:3)
  4 giant cockroaches
  8 goblins
  8 hobgoblins
  A jackal (D:3)
  8 bats
  10 frilled lizards
  5 kobolds
  A quokka skeleton (D:3)
  10 rats
78 creatures vanquished.

Notes
Turn   | Place    | Note
-------+----------+-------------------------------------------
     0 | Abyss:1  | terrorsythe the Demonspawn Abyssal Knight began the quest
                  | for the Orb.
     0 | Abyss:1  | Reached XP level 1. HP: 18/18 MP: 2/2
    48 | Abyss:1  | Noticed a worldbinder
    60 | Abyss:1  | Noticed a shadow
    60 | Abyss:1  | Noticed a wraith
    60 | Abyss:1  | Noticed a wraith
    60 | Abyss:1  | Noticed a wraith
    64 | D:1      | Escaped the Abyss
   190 | D:1      | Reached skill level 1 in Dodging
   512 | D:1      | Gained mutation: You are slightly more attuned to the
                  | shadows. [demonic ancestry]
   512 | D:1      | Reached XP level 2. HP: 23/24 MP: 4/4
  1201 | D:1      | Reached ** piety under Lugonu
  1201 | D:1      | Reached XP level 3. HP: 26/29 MP: 5/5
  1564 | D:2      | Found a shattered altar of Ashenzari.
  2109 | D:2      | Gained mutation: You sometimes gain a little power by
                  | taking damage. [demonic ancestry]
  2109 | D:2      | Reached XP level 4. HP: 20/35 MP: 6/6
  3298 | D:3      | Noticed a phantom
  3999 | D:3      | Gained mutation: You are partially covered in slimy green
                  | scales. (AC +2) [demonic ancestry]
  3999 | D:3      | Reached XP level 5. HP: 27/42 MP: 7/7
  4456 | D:3      | Found a sacrificial altar of Ru.
  4510 | D:3      | Slain by a gnoll

Levels and vault maps discovered:
D:1:      roderic_chinese_lattice_arrival, layout_basic,
          chequers_serial_rivers_micro_d, wander_ebering_terrifying_dragon_lair
D:2:      layout_loops_corners, ashenzari_conservatory_becter, first_ration,
          kennysheep_another_room
D:3:      layout_basic, nicolae_ru_the_path_less_chosen,
          minmay_fractal_squares_5
Abyss:1:  bh_abyss_exit_grid, evilmike_abyss_exit_glass

Skill      XL: |  1  2  3  4 |
---------------+-------------+-----
Dodging        | 1 2 |  2.1
Axes           | 2 |  2.7
Armour         | 2 |  2.7
Invocations    | 3 |  3.8
Fighting       | |  3.8

Action                   |  1- 3 |  4- 6 || total
-------------------------+-------+-------++-------
Melee: Hand axe          |   114 |   168 ||   282
  Use: Potion            |     1 |     2 ||     3
       Scroll            |       |     3 ||     3
 Stab: Sleeping          |     4 |     3 ||     7
  Eat: Chunk             |     4 |     4 ||     8
       Ration            |       |     1 ||     1
Armor: Leather armour    |    25 |    14 ||    39
       Scale mail        |       |    43 ||    43
Dodge: Dodged            |    56 |    94 ||   150

Table legend:
 A = Non-vault XP
 B = Vault XP
 C = Vault XP percentage of total XP
 D = Non-vault monster count
 E = Vault monster count
 F = Vault count percentage of total count
                 A         B        C        D         E       F
            +---------+---------+-------+---------+---------+-------
      Total |     236 |      17 |   6.7 |      71 |       7 |   9.0
            +---------+---------+-------+---------+---------+-------
        D:1 |      49 |       3 |   5.8 |      29 |       1 |   3.3
        D:2 |     100 |       3 |   2.9 |      21 |       2 |   8.7
        D:3 |      87 |      11 |  11.2 |      21 |       4 |  16.0
            +---------+---------+-------+---------+---------+-------
